 Dungeon Crawl Stone Soup version 0.19-a0-1886-gd64a0f0 (webtiles) character file.

21 dvd the Stinger (level 2, -6/17 HPs)
             Began as an Octopode Venom Mage on Oct 16, 2016.
             Mangled by Crazy Yiuf
             ... wielding a +3 quarterstaff of chaos
              (11 damage)
             ... on level 2 of the Dungeon.
             The game lasted 00:02:07 (880 turns).

dvd the Stinger (Octopode Venom Mage)                Turns: 880, Time: 00:02:08

Health: -6/17      AC:  1    Str:  7    XL:     2   Next: 83%
Magic:  2/5        EV: 13    Int: 17    God:
Gold:   36         SH:  0    Dex: 12    Spells: 1 memorised, 4 levels left

rFire  . . .     SeeInvis .     a - +0 whip
rCold  . . .     Gourm    .     (no shield)
rNeg   . . .     Faith    .     (helmet restricted)
rPois  .         Spirit   .     (no amulet)
rElec  .         Dismiss  .     (no ring)
rCorr  .         Reflect  .     (no ring)
MR     .....     Harm     .     (no ring)
Stlth  +++.......               (no ring)
                                (no ring)
                                (no ring)
                                (no ring)
                                (no ring)

@: no status effects
A: almost no armour, stealthy swim, amphibious, 8 rings, constrict 8, camouflage
1, gelatinous body 1
a: no special abilities


You were on level 2 of the Dungeon.
You were not hungry.

You visited 1 branch of the dungeon, and saw 2 of its levels.

You collected 36 gold pieces.

Inventory:

Hand Weapons
 a - a +0 whip (weapon)
Scrolls
 c - a scroll of identify {unknown}
Potions
 e - a potion of lignification {unknown}
 g - 2 potions of magic {unknown}
Books
 f - a Young Poisoner's Handbook

   Spells                             Type                      Level
   a - Sting                          Conjuration/Poison           1
   b - Mephitic Cloud                 Conjuration/Poison/Air       3
   c - Olgreb's Toxic Radiance        Poison                       4
   d - Alistair's Intoxication        Transmutation/Poison         5
   e - Venom Bolt                     Conjuration/Poison           5
Comestibles
 b - a bread ration
 d - a meat ration
 i - a royal jelly


   Skills:
 + Level 2.0 Dodging
 + Level 2.9 Stealth
 + Level 2.2 Spellcasting
 + Level 5.4 Poison Magic


You had 4 spell levels left.
You knew the following spells:

 Your Spells              Type           Power        Failure   Level  Hunger
a - Sting                 Conj/Pois      ##..         10%         1    #......


Dungeon Overview and Level Annotations

Branches:
Dungeon (2/15)

Altars:

Annotations:
D:2 Crazy Yiuf


Innate Abilities, Weirdness & Mutations

You cannot wear most types of armour.
You are very stealthy in the water. (Stealth+)
You are amphibious.
You can wear up to eight rings at the same time.
You can use your tentacles to constrict eight enemies at once.
Your skin changes colour to match your surroundings (Stealth+).
Your rubbery body absorbs attacks. (AC +1, EV +1)


Message History

Crazy Yiuf waves his quarterstaff at you.
Crazy Yiuf yells, "Dawk!
Snower King childish."
Casting: Sting
Confirm with . or Enter, or press ? or * to list all spells.
Aiming: Sting
Press: ? - help, Shift-Dir - straight line, f/p - Crazy Yiuf
Aim: Crazy Yiuf, wielding a quarterstaff of chaos and wearing a cloak (lightly wounded)
The sting hits Crazy Yiuf.
Crazy Yiuf is moderately wounded.
Crazy Yiuf closely misses you.
Casting: Sting
Confirm with . or Enter, or press ? or * to list all spells.
Aiming: Sting
Press: ? - help, Shift-Dir - straight line, f/p - Crazy Yiuf
Aim: Crazy Yiuf, wielding a quarterstaff of chaos and wearing a cloak (moderately wounded)
The sting hits Crazy Yiuf.
Crazy Yiuf is moderately wounded.
Crazy Yiuf hits you with a quarterstaff of chaos!
Ouch! That really hurt!
You die...

#.# #.# #.#
#.### ##...## .
###.....###..
#............
#.#.......... #
#@##....###...(
#g###.#.# ..
#.# #.#.# .#
#.# #.#.##..#
#.# #.......#
#.# ###.##..#
#.# #.##.. #.#
#.#.# #.# #..#


You could see Crazy Yiuf.

Vanquished Creatures
  2 dart slugs (D:1)
  A leopard gecko (D:1)
  A giant cockroach (D:1)
  2 hobgoblins (D:1)
  2 bats (D:1)
  A frilled lizard (D:2)
  3 goblins
  2 kobolds (D:1)
  A rat (D:1)
15 creatures vanquished.

Notes
Turn   | Place    | Note
-------+----------+-------------------------------------------
     0 | D:1      | dvd the Octopode Venom Mage began the quest for the Orb.
     0 | D:1      | Reached XP level 1. HP: 11/11 MP: 3/3
    31 | D:1      | Reached skill level 5 in Poison Magic
   370 | D:1      | Reached XP level 2. HP: 17/17 MP: 1/5
   812 | D:2      | Found a runed door.
   816 | D:2      | Noticed Crazy Yiuf
   880 | D:2      | Mangled by Crazy Yiuf

Vault maps used:
D:1:      minmay_arrival_three_doors
D:2:      eat_drink_and_be_merry_uskayaw, nicolae_ru_sacrificial_ziggurat,
          uniq_crazy_yiuf_cottage, uniq_jessica

Skill      XL: |  1 |
---------------+----+-----
Poison Magic   | 5 |  5.4
Dodging        | |  2.0
Stealth        | |  2.9
Spellcasting   | |  2.2

Action                   || total
-------------------------++-------
Melee: Constrict         ||     2
       Unarmed           ||     1
       Whip              ||     1
       Tentacles         ||     1
 Cast: Sting             ||    28
 Stab: Sleeping          ||     1
Dodge: Dodged            ||     3
